 Dungeon Crawl Stone Soup version 0.20-a0-1124-g2e29d97 (webtiles) character file.

57801 Avack the Fencer (level 14, 0/72 HPs)
             Began as a Vine Stalker Gladiator on May 15, 2017.
             Was the Champion of Zin.
             Killed from afar by an ogre mage (21 damage)
             ... with a bolt of fire
             ... on level 13 of the Dungeon on May 16, 2017.
             The game lasted 01:12:03 (19267 turns).

Avack the Fencer (Vine Stalker Gladiator)          Turns: 19267, Time: 01:12:03

Health: 0/72       AC: 13    Str: 21    XL:     14   Next: 87%
Magic:  0/27       EV: 19    Int:  8    God:    Zin [******]
Gold:   1665       SH:  0    Dex: 28    Spells: 13/13 levels left

rFire    . . .     SeeInvis .   j - +10 great sword of Eternal Vigilance {slice, Str+3 Dex+3 Stlth+}
rCold    . . .     Gourm    .   (shield currently unavailable)
rNeg     . . .     Faith    .   X - +1 ring mail of Free Expression {Regen+ Str+2 Dex+2}
rPois    .         Spirit   +   c - +2 helmet
rElec    +         Reflect  .   (no cloak)
rCorr    .         Harm     .   v - +2 pair of gloves
MR       +....                  W - +0 pair of boots
Stlth    +++.......             u - amulet of magic regeneration
Regen    1.5/turn               o - ring of magical power
MPRegen  0.3/turn               B - ring "Uguid" {Wiz rElec Str-2 Dex+3}

@: no status effects
A: fangs 3, regeneration 2, magic shield, antimagic bite, no potion heal 3, rot
immunity
a: Recite, Vitalisation, Imprison, Sanctuary, Donate Gold, Cure All Mutations,
Renounce Religion


You were on level 13 of the Dungeon.
You worshipped Zin.
Zin was exalted by your worship.
You were not hungry.

You visited 3 branches of the dungeon, and saw 20 of its levels.
You also visited: Ossuary.

You collected 2243 gold pieces.
You spent 368 gold pieces at shops.
You donated 210 gold pieces to Zin.

Inventory:

Hand Weapons
 j - the +10 great sword of Eternal Vigilance (weapon) {slice, Str+3 Dex+3 Stlth+}
   (You bought it in a shop on level 11 of the Dungeon)

   It inflicts extra damage upon your enemies.
   It affects your strength (+3).
   It affects your dexterity (+3).
   It makes you more stealthy.
Missiles
 d - 5 throwing nets
 K - 3 tomahawks of returning
 P - 3 javelins of penetration (quivered)
Armour
 c - a +2 helmet (worn)
 v - a +2 pair of gloves (worn)
 T - the +0 crystal plate armour of Hide-and-Seek {rF+ rC+ Dex+2}
   (You found it on level 10 of the Dungeon)

   It affects your dexterity (+2).
   It protects you from fire.
   It protects you from cold.
 U - a +3 troll leather armour {Snorg}
 W - a +0 pair of boots (worn)
 X - the +1 ring mail of Free Expression (worn) {Regen+ Str+2 Dex+2}
   (You found it on level 11 of the Dungeon)

   It affects your strength (+2).
   It affects your dexterity (+2).
   It increases your rate of regeneration.
Jewellery
 o - a ring of magical power (left hand)
 r - an uncursed ring of protection from fire
 u - an amulet of magic regeneration (around neck)
 y - an uncursed amulet of rage
 A - an uncursed ring of resist corrosion
 B - the ring "Uguid" (right hand) {Wiz rElec Str-2 Dex+3}
   (You took it off a deep elf mage on level 10 of the Dungeon)

   [ring of wizardry]

   It improves your spell success rate.
   It affects your strength (-2).
   It affects your dexterity (+3).
   It insulates you from electricity.
 J - an uncursed ring of protection from cold
 N - an uncursed ring of poison resistance
Wands
 h - a wand of iceblast (5/15)
 F - a wand of lightning (8/15)
 L - a wand of disintegration (16/24)
 O - a wand of paralysis (17/24)
 Y - a wand of digging (12/24)
Scrolls
 a - 2 scrolls of amnesia
 b - 12 scrolls of remove curse
 e - 4 scrolls of fog
 k - 2 scrolls of teleportation
 n - 6 scrolls of fear
 q - 4 scrolls of recharging
 D - 3 scrolls of magic mapping
 E - a scroll of immolation
 M - 2 scrolls of blinking
Potions
 i - 3 potions of haste
 m - 14 potions of curing
 p - 3 potions of magic
 s - 3 potions of invisibility
 t - 3 potions of brilliance
 w - 7 potions of might
 x - 3 potions of resistance
 z - a potion of agility
 C - a potion of flight
 G - 5 potions of cancellation
Books
 I - a book of Clouds

   Spells                             Type                      Level
   a - Poisonous Vapours              Poison/Air                   2
   b - Mephitic Cloud                 Conjuration/Poison/Air       3
   c - Conjure Flame                  Conjuration/Fire             3
   d - Freezing Cloud                 Conjuration/Ice/Air          6
   e - Ring of Flames                 Charms/Fire                  7
Miscellaneous
 R - a phantom mirror
 S - a sack of spiders
 V - a phial of floods
Comestibles
 f - 11 bread rations
 g - 14 fruits
 l - 12 royal jellies
 H - a chunk of flesh
 Q - 2 meat rations


   Skills:
 + Level 7.9 Fighting
 - Level 18.2 Long Blades
 - Level 1.7 Throwing
 * Level 8.7 Dodging
 - Level 5.2 Invocations
 - Level 4.9 Evocations


You had 13 spell levels left.
You didn't know any spells.

Dungeon Overview and Level Annotations

Branches:
Dungeon (13/15)            Temple (0/1) D:5            Lair (5/6) D:11
 Shoals (0/4) Lair:2        Snake (0/4) Lair:3          Orc (2/2) D:10
    Elf (0/3) Orc:2
  Slime: Lair:5-6    Vaults: D:13-14

Altars:
Ashenzari
Cheibriados
Elyvilon
Fedhas
Hepliaklqana
Makhleb
Okawaru
Sif Muna
Uskayaw
Wu Jian
Yredelemnul
Zin
The Shining One

Shops:
D:5 [   D:6 *   D:11 !(*[   Orc:2 [(((

Annotations:
Lair:4 exclusion: 3 oklob plants


Innate Abilities, Weirdness & Mutations

You have razor-sharp teeth.
You heal very quickly.
When hurt, damage is shared between your health and your magic reserves.
Your bite disrupts and absorbs the magic of your enemies.
Potions cannot restore your health.
You are immune to rotting.


Message History

You drain its power.
You feel invigorated.
The two-headed ogre is heavily wounded.
The two-headed ogre hits you with a giant spiked club!!
The two-headed ogre hits you but does no damage.
The ogre mage hits you from afar with an enchanted halberd!
* * * LOW HITPOINT WARNING * * *
Items here: ( ) †† a giant spiked club; 4 stones; an ogre corpse; a big kobold corpse The two-headed ogre barely misses you.
The two-headed ogre hits you with a giant club!
* * * LOW HITPOINT WARNING * * *
You slash the two-headed ogre! You bite the two-headed ogre.
You drain its power.
You feel invigorated.
The two-headed ogre is almost dead.
You slice the two-headed ogre!!
You kill the two-headed ogre!
An ogre comes into view. It is wielding a giant club.
The ogre mage gestures at you while chanting.
The bolt of fire hits you!
You die...

#...... #..... ..... +##
#...# ... ##...## #######.J#
......# #=.((.#..# .....}#
#))#O##J.# #..# ######
#.#)#.#..# ###'###....#
#.@##O#c.#.##. #..........#
#.#.O.....c.c#
#....).....########(#.J#.###
##.###...####..............
##.###.).####...............
..............#####.#..#.###
..............# .o.......
..............# #o#..#.##.
..............# #.#..#.#


You could see a slime creature, an ogre mage and an ogre.

Vanquished Creatures
  A frost giant (D:10)
  Snorg (Lair:5)
  2 ogre magi (Orc:2)
  Harold (Lair:1)
  A great orb of eyes (D:10)
  A hydra (D:10)
  Erica (Lair:1)
  2 centaur warriors
  10 two-headed ogres
  4 death yaks
  Urug (Lair:2)
  Nergalle (Lair:1)
  4 deep trolls
  An unseen horror (D:12)
  The ghost of esteth the Ruffian, a novice VSMo of Ashenzari (D:8)
  2 orc knights (Orc:1)
  2 deep elf magi (D:10)
  3 cyclopes
  A merfolk siren (Lair:2)
  5 elephants
  Joseph (Lair:1)
  Psyche (D:12)
  A centaur zombie (D:10)
  5 spiny frogs
  A kobold demonologist (D:13)
  A rime drake (Lair:5)
  5 komodo dragons
  15 trolls
  2 hornets
  3 blink frogs (Lair:5)
  Grinder (D:5)
  4 slime creatures
  6 dream sheep
  11 hippogriffs
  A wyvern (shapeshifter) (D:10)
  A shadow (D:11)
  42 yaks
  A steam dragon (D:12)
  4 vampire mosquitoes (D:13)
  3 basilisks
  Edmund (D:6)
  2 hungry ghosts (D:10)
  3 wargs
  8 water moccasins
  A soldier ant (D:12)
  6 porcupines
  8 orc warriors
  2 eyes of draining
  5 ice beasts
  3 sky beasts
  A black bear (D:9)
  27 ogres
  2 phantoms
  12 centaurs
  2 necrophages
  16 wolves
  11 crocodiles
  8 big kobolds
  6 bullfrogs
  An elf zombie (Ossuary)
  4 scorpions
  7 wights
  8 killer bees
  2 howler monkeys (D:4)
  2 electric eels
  A bullfrog zombie (D:11)
  2 crimson imps
  A quasit (D:9)
  4 jellies
  2 human zombies (Ossuary)
  2 centaur skeletons
  8 orc priests
  15 orc wizards
  5 hounds
  A bullfrog skeleton (D:10)
  4 iguanas
  12 worker ants
  3 hound zombies
  2 hound skeletons (D:5)
  4 mummies (Ossuary)
  3 worker ant zombies
  A howler monkey skeleton (D:6)
  14 adders
  3 shadow imps
  2 adder zombies
  A worm (D:2)
  3 dart slugs
  A leopard gecko (D:10)
  59 orcs
  A ball python (D:6)
  5 giant cockroaches
  9 goblins
  5 hobgoblins
  2 jackals (D:10)
  2 quokkas
  9 bats
  4 frilled lizards
  A giant cockroach zombie (D:5)
  A hobgoblin zombie (Ossuary)
  A jackal zombie (Ossuary)
  25 kobolds
  2 orc zombies (Ossuary)
  A quokka zombie (D:9)
  2 rats
  4 rat zombies
529 creatures vanquished.

Vanquished Creatures (others)
  A quokka (D:5)
  2 fungi (Lair:5)
  14 plants
17 creatures vanquished.

Grand Total: 546 creatures vanquished

Notes
Turn   | Place    | Note
-------+----------+-------------------------------------------
     0 | D:1      | Avack the Vine Stalker Gladiator began the quest for the Orb.
     0 | D:1      | Reached XP level 1. HP: 11/11 MP: 2/2
    72 | D:1      | Reached skill level 3 in Long Blades
   246 | D:1      | Reached XP level 2. HP: 15/15 MP: 3/3
   706 | D:1      | Reached XP level 3. HP: 15/18 MP: 4/4
   889 | D:2      | Reached skill level 4 in Long Blades
  1042 | D:2      | Gained mutation: Your natural rate of healing is unusually fast. [Vine Stalker growth]
  1042 | D:2      | Reached XP level 4. HP: 23/23 MP: 5/5
  1620 | D:3      | Reached skill level 5 in Long Blades
  1630 | D:3      | Found a basalt altar of Yredelemnul.
  1635 | D:3      | Found a glowing golden altar of the Shining One.
  1637 | D:3      | Noticed an angel
  1785 | D:3      | Found a glowing silver altar of Zin.
  1789 | D:3      | Became a worshipper of Zin the Law-Giver
  1789 | D:3      | Reached * piety under Zin
  1802 | D:3      | Reached XP level 5. HP: 26/26 MP: 6/6
  2243 | D:3      | Found a burning altar of Makhleb.
  2399 | D:4      | You fall through a shaft for 2 floors!
  2419 | D:5      | Entered Level 5 of the Dungeon
  2448 | D:5      | Reached skill level 6 in Long Blades
  2448 | D:5      | Reached XP level 6. HP: 30/30 MP: 7/7
  2467 | D:5      | Found a staircase to the Ecumenical Temple.
  2491 | D:5      | Noticed Grinder
  2505 | D:5      | Killed Grinder
  2505 | D:5      | Reached skill level 7 in Long Blades
  2505 | D:5      | Reached XP level 7. HP: 9/34 MP: 4/8
  2593 | D:5      | Found a white marble altar of Elyvilon.
  2858 | D:5      | Reached skill level 8 in Long Blades
  2867 | D:5      | Found Diajiem's Armour Emporium.
  2994 | D:5      | Reached ** piety under Zin
  3106 | D:4      | Gained mutation: You have razor-sharp teeth. [Vine Stalker growth]
  3106 | D:4      | Reached XP level 8. HP: 38/38 MP: 9/9
  3315 | D:4      | Reached skill level 9 in Long Blades
  4169 | D:5      | Reached skill level 10 in Long Blades
  4522 | D:6      | Reached *** piety under Zin
  4636 | D:6      | Found Duogg's General Store.
  4656 | D:6      | Reached XP level 9. HP: 38/42 MP: 10/10
  4704 | D:6      | Noticed Edmund
  4726 | D:6      | Killed Edmund
  4814 | D:6      | Found an iron altar of Okawaru.
  5044 | D:6      | Reached skill level 11 in Long Blades
  5431 | D:7      | Found a hide-covered altar of Uskayaw.
  5657 | D:7      | Found a shattered altar of Ashenzari.
  5719 | D:7      | Found a deep blue altar of Sif Muna.
  5996 | D:7      | Reached **** piety under Zin
  6029 | D:7      | Found a hazy altar of Hepliaklqana.
  6038 | D:7      | Found a blossoming altar of Fedhas.
  6097 | D:8      | Found a sand-covered staircase.
  6100 | D:8      | Noticed esteth's ghost (novice VSMo)
  6105 | Ossuary  | Entered an ossuary
  6120 | Ossuary  | Reached skill level 12 in Long Blades
  6315 | Ossuary  | Reached ***** piety under Zin
  6396 | D:8      | Killed esteth's ghost
  6396 | D:8      | Reached XP level 10. HP: 30/46 MP: 11/11
  6495 | D:8      | Found an ornate altar of the Wu Jian Council.
  6584 | D:8      | Reached skill level 13 in Long Blades
  7022 | D:8      | Paralysed by a hornet for 2 turns
  7796 | D:10     | Entered Level 10 of the Dungeon
  7821 | D:10     | Reached skill level 14 in Long Blades
  7914 | D:10     | Found a staircase to the Orcish Mines.
  7982 | D:10     | Noticed a frost giant
  8118 | D:9      | Noticed a two-headed ogre
  8453 | D:9      | Reached XP level 11. HP: 44/52 MP: 12/12
  8484 | D:9      | Noticed an eight-headed hydra
  8532 | D:9      | Noticed a three-headed hydra
  8938 | D:9      | Found a large runed door.
  8941 | D:9      | Found a large runed door.
  8955 | D:9      | Found a burning altar of Makhleb.
  8955 | D:9      | Noticed a flayed ghost
  8958 | D:9      | Found a glowing golden altar of the Shining One.
  8958 | D:9      | Noticed a yaktaur captain
  9312 | D:10     | Noticed a deep troll
  9344 | D:10     | HP: 1/53 [deep troll (10)]
  9479 | D:11     | Noticed a centaur warrior
  9511 | D:11     | Killed a centaur warrior
  9516 | D:11     | Got a faintly humming ring mail
  9522 | D:11     | Reached ****** piety under Zin
  9591 | D:11     | Identified the +1 ring mail of Charity {Int+2} (You found it on level 11 of the Dungeon)
  9618 | D:11     | Found Zonaucuwk's Distillery.
  9634 | D:11     | Found Ritzerux's Antique Weapon Emporium.
  9642 | D:11     | Bought an iridescent great sword for 368 gold pieces
  9642 | D:11     | Identified the +10 great sword of Eternal Vigilance {slice, Str+3 Dex+3 Stlth+} (You bought it in a shop on level 11 of the Dungeon)
  9657 | D:11     | Reached skill level 5 in Fighting
  9657 | D:11     | Reached skill level 5 in Dodging
  9768 | D:11     | Reached skill level 1 in Invocations
  9768 | D:11     | Reached skill level 1 in Evocations
  9879 | D:11     | Found Jufohusm's General Store.
  9922 | D:11     | Found a snail-covered altar of Cheibriados.
  9989 | D:11     | Found a staircase to the Lair.
 10004 | Lair:1   | Entered Level 1 of the Lair of Beasts
 10131 | Lair:1   | Noticed Erica
 10139 | Lair:1   | Killed Erica
 10458 | Lair:1   | Noticed Nergalle
 10460 | Lair:1   | Noticed a spectral orc warlord
 10470 | Lair:1   | Killed Nergalle
 10470 | Lair:1   | Reached skill level 5 in Invocations
 10470 | Lair:1   | Gained mutation: You heal very quickly. [Vine Stalker growth]
 10470 | Lair:1   | Reached XP level 12. HP: 51/60 MP: 16/16
 10660 | Lair:1   | Noticed Joseph
 10672 | Lair:1   | Killed Joseph
 10933 | Lair:1   | Noticed Harold
 11406 | Lair:1   | Killed Harold
 11723 | Lair:2   | Noticed Urug
 11731 | Lair:2   | Killed Urug
 11786 | Lair:2   | Reached skill level 15 in Long Blades
 12382 | Lair:2   | Found a staircase to the Shoals.
 12629 | Lair:3   | Noticed a death yak
 12631 | Lair:3   | Noticed a death yak
 12631 | Lair:3   | Noticed a death yak
 12631 | Lair:3   | Noticed a death yak
 12640 | Lair:3   | Killed a death yak
 12738 | Lair:2   | Killed a death yak
 12742 | Lair:2   | Killed a death yak
 12742 | Lair:2   | Reached skill level 16 in Long Blades
 12942 | Lair:3   | Reached XP level 13. HP: 63/63 MP: 17/17
 13178 | Lair:3   | Found a staircase to the Snake Pit.
 13266 | Lair:3   | Identified a scroll of acquirement
 13818 | Lair:4   | Reached skill level 17 in Long Blades
 15269 | Lair:5   | Noticed Snorg
 15276 | Lair:5   | Killed Snorg
 15618 | D:10     | Got a brightly glowing turquoise ring
 15630 | D:10     | Noticed a great orb of eyes
 15639 | D:10     | Killed a great orb of eyes
 15693 | D:10     | Noticed a fire giant
 15912 | Orc:1    | Entered Level 1 of the Orcish Mines
 16174 | Orc:2    | Entered Level 2 of the Orcish Mines
 16174 | Orc:2    | Found Utapumn's Antique Weapon Emporium.
 16174 | Orc:2    | Noticed an ogre mage
 16177 | Orc:2    | Reached skill level 18 in Long Blades
 16297 | D:10     | Noticed a stone giant
 16403 | Orc:2    | Found Wuwic's Weapon Shoppe.
 16506 | Orc:2    | Found a staircase to the Elven Halls.
 16579 | Orc:2    | Killed an ogre mage
 16646 | Orc:2    | Reached XP level 14. HP: 62/68 MP: 18/18
 16830 | Orc:2    | Found Sulot's Antique Armour Emporium.
 16831 | Orc:2    | Found Cachyex's Weapon Boutique.
 17790 | D:10     | Got a crude crystal plate armour
 17830 | D:10     | Identified the +0 crystal plate armour of Hide-and-Seek {rF+ rC+ Dex+2} (You found it on level 10 of the Dungeon)
 17965 | D:10     | Killed a frost giant
 17969 | D:10     | Identified the ring "Uguid" {Wiz rElec Str-2 Dex+3} (You took it off a deep elf mage on level 10 of the Dungeon)
 18112 | D:11     | Got a brightly glowing ring mail
 18125 | D:11     | Identified the +1 ring mail of Free Expression {Regen+ Str+2 Dex+2} (You found it on level 11 of the Dungeon)
 18197 | D:11     | Found Ryedwat's Armour Shop.
 18745 | D:12     | Found a blossoming altar of Fedhas.
 18921 | D:12     | Noticed Psyche
 18926 | D:12     | Killed Psyche
 19267 | D:13     | Killed from afar by an ogre mage

Vault maps used:
D:1:      ncdulo_smallfort, serial_park_tiny_2, hangedman_decor_slide_cut
D:3:      grunt_temple_overflow_holy_war, zin_treasury, lemuel_round_altar,
          st_stairs_13, minmay_misc_feat_enclosed, minivault_5
D:4:      first_bread, st_stairs_7, eino_small_chamber_without_monster
D:5:      elyvilon_altar_4, minmay_temple_entry_statues_fountains, serial_shops,
          shop_statue, uniq_grinder
D:6:      nicolae_overflow_hidden_temple, serial_shops, shop,
          nrook_pool_corridor, patterned_corridor, uniq_edmund
D:7:      kennysheep_mini_moat, lemuel_coloured_pillars_altar,
          cheibrodos_ashenzari_chains, amethyst_overflow_temple_binary
D:8:      nicolae_overflow_crystal_walls, enter_ossuary_4
D:9:      hangedman_ranch, nrook_mini_vaults, jmf_multi_god_temple2
D:10:     orc_0_dummy, minmay_the_grid_square_5x5_3x3
D:11:     minmay_bloctagon_deflated, david_lair_generic, basic_altar,
          serial_shops, shop, shop, shop, shop
D:12:     basic_altar, uniq_psyche
D:13:     hangedman_vaults_entry_quadrant_bands, serial_glass, glass_columns_c,
          glass_columns_a, serial_shops, kennysheep_mini, hangedman_glass_teeth,
          kennysheep_flooded_box, david_defended_altar_elf
Lair:1:   serial_bayou, serial_bayou_ford_a, serial_bayou_lagoon_a,
          serial_bayou_crossing, serial_bayou_pond_a, st_stairs_9, uniq_harold,
          uniq_joseph, uniq_erica, uniq_nergalle
Lair:2:   elwin_shoals_entry_rooms, uniq_urug
Lair:3:   dummy_snake_entry
Lair:4:   minmay_lair_oklob_chamber
Lair:5:   serial_bayou_pond_c, uniq_snorg
Orc:2:    st_orc_open
Ossuary:  ossuary_minmay_tomb_2a

Skill      XL: |  1  2  3  4  5  6  7  8  9 10 11 12 13 14 |
---------------+-------------------------------------------+-----
Long Blades    | 3 4 5 6 7 8 10 12 14 16 18 | 18.2
Fighting       | 3 5 7 |  7.9
Dodging        | 3 5 8 |  8.7
Invocations    | 5 |  5.2
Evocations     | 4 |  4.9
Throwing       | |  1.7

Action                   |  1- 3 |  4- 6 |  7- 9 | 10-12 | 13-15 || total
-------------------------+-------+-------+-------+-------+-------++-------
Melee: Long sword        |    50 |   118 |   282 |   353 |       ||   803
       Bite              |    14 |    38 |   133 |   263 |   203 ||   651
       Great sword       |       |       |       |   226 |   416 ||   642
Throw: Throwing net      |       |     1 |       |     2 |       ||     3
       Tomahawk          |       |       |     5 |     8 |       ||    13
       Javelin           |       |       |       |     3 |       ||     3
Invok: Recite            |       |     5 |     6 |    19 |    13 ||    43
       Vitalisation      |       |       |       |     1 |       ||     1
       Imprison          |       |       |       |     4 |     2 ||     6
Evoke: Wand              |       |       |       |     2 |     2 ||     4
  Use: Scroll            |       |       |    25 |    18 |     5 ||    48
       Potion            |       |       |       |     1 |       ||     1
 Stab: Held in net/web   |       |     1 |       |       |       ||     1
       Confused          |       |       |     3 |     4 |     7 ||    14
       Invisible         |       |       |       |    11 |     2 ||    13
       Paralysed         |       |       |       |     1 |     5 ||     6
       Sleeping          |       |       |       |     4 |     5 ||     9
       Distracted        |       |       |       |       |     2 ||     2
  Eat: Chunk             |       |     5 |    10 |    10 |    15 ||    40
       Royal jelly       |       |       |     1 |     1 |       ||     2
       Fruit             |       |       |       |     2 |       ||     2
       Meat ration       |       |       |       |     2 |     1 ||     3
Armor: Ring mail         |    23 |    37 |    88 |   181 |    63 ||   392
       Leather armour    |     1 |       |       |       |       ||     1
       Troll leather arm |       |       |       |       |    39 ||    39
       Skin              |       |       |       |       |     1 ||     1
Dodge: Dodged            |    32 |    62 |   136 |   312 |   268 ||   810
       Rpst.: Long sword |    12 |    25 |    49 |    39 |       ||   125
       Great sword       |       |       |       |    24 |    62 ||    86
